 Dungeon Crawl Stone Soup version 0.29-a0-11-ga75d3d97ab (webtiles) character file.

Game seed: 11387729121573910954

4685 horus123 the Magician (level 10, 0/67 HPs)
             Began as a Demonspawn Hedge Wizard on Jan 29, 2022.
             Was a Believer of Vehumet.
             Slain by a yak (6 damage)
             ... on level 9 of the Dungeon.
             The game lasted 00:29:04 (9600 turns).

horus123 the Magician (Demonspawn Hedge Wizard)     Turns: 9600, Time: 00:29:05

Health: 0/67       AC:  5    Str: 10    XL:     10   Next: 21%
Magic:  1/20       EV: 12    Int: 22    God:    Vehumet [**....]
Gold:   367        SH:  8    Dex: 13    Spells: 8/23 levels left

rFire   . . .      SeeInvis .   h - +3 dagger (freeze)
rCold   . . .      Faith    +   e - +3 buckler
rNeg    + . .      Spirit   .   b - +0 robe
rPois   .          Reflect  .   C - +0 helmet
rElec   .          Harm     .   f - +1 cloak
rCorr   .          Rampage  .   (no gloves)
Will    .....                   (no boots)
Stlth   ++........              y - amulet of faith
HPRegen 0.21/turn               n - ring of positive energy
MPRegen 0.17/turn               (no ring)

@: mighty, brilliant
A: ignite blood 2, big brain 1, demonic touch 2
a: Renounce Religion


You were on level 9 of the Dungeon.
You worshipped Vehumet.
Vehumet was pleased with you.
You visited 2 branches of the dungeon, and saw 9 of its levels.
You also visited: Ossuary.

You collected 367 gold pieces.

Inventory:

Hand Weapons
 a - a +0 dagger
 d - a +0 falchion
 h - a +3 dagger of freezing (weapon)
 q - a +2 dagger of speed
 w - a +1 halberd of venom
Missiles
 r - 2 throwing nets
Armour
 b - a +0 robe (worn)
 c - a +0 hat
 e - a +3 buckler (worn)
 f - a +1 cloak (worn)
 C - a +0 helmet (worn)
Jewellery
 n - a ring of positive energy (left hand)
 y - an amulet of faith (around neck)
Wands
 i - a wand of flame (16)
Scrolls
 g - a scroll of noise
 m - 3 scrolls of vulnerability
 t - a scroll of teleportation
 B - 2 scrolls of immolation {unknown}
Potions
 j - 2 potions of lignification
 k - 5 potions of haste
 l - a potion of attraction {unknown}
 o - a potion of magic {unknown}
 s - a potion of brilliance
 u - 2 potions of degeneration {unknown}
 x - a potion of curing {unknown}
 z - a potion of mutation {unknown}
 A - a potion of invisibility {unknown}


   Skills:
 - Level 2.2 Fighting
 - Level 2.1 Dodging
 - Level 1.7 Stealth
 - Level 5.3 Shields
 - Level 7.0 Spellcasting
 - Level 7.0 Conjurations
 - Level 5.2 Summonings
 - Level 0.8 Translocations
 + Level 6.7 Transmutations


You had 8 spell levels left.
You knew the following spells:

 Your Spells              Type           Power      Damage    Failure   Level
a - Magic Dart            Conj           100%       1d8       1%          1
b - Call Imp              Summ           46%        N/A       1%          2
c - Stone Arrow           Conj/Erth      68%        3d11      8%          3
d - Storm Form            Tmut/Air       16%        N/A       100%        7
e - Passwall              Tmut/Erth      27%        N/A       4%          2

Your spell library contained the following spells:

 Spells                   Type           Power      Damage    Failure   Level
 Freeze                   Ice            44%        1d6       11%         1
 Conjure Flame            Conj/Fire      34%        6-21      8%          3
 Sandblast                Erth           22%        2d7       11%         1
 Slow                     Hex            44%        N/A       11%         1
 Blink                    Tloc           34%        N/A       11%         2
 Mephitic Cloud           Conj/Pois/Air  27%        N/A       12%         3
 Confusing Touch          Hex            11%        N/A       30%         3
 Vampiric Draining        Necr           11%        2d6       30%         3
 Manifold Assault         Tloc           17%        N/A       90%         5


Dungeon Overview and Level Annotations

Branches:
Dungeon (7/15)             Temple (1/1) D:5         Ossuary (visited)

Altars:
Ashenzari
Elyvilon
Fedhas
Kikubaaqudgha
Nemelex Xobeh
Ru
Sif Muna
Trog
Uskayaw
Vehumet
Wu Jian
Xom
Yredelemnul

Shops:
D:1 ?   D:3 (

Annotations:
D:7 2 transporters, riojii's ghost, novice OpTm


Innate Abilities, Weirdness & Mutations

Your demonic aura often causes spilled blood to erupt in flames.
You have an unusually large brain. (Int +2)
Your touch may inflict irresistible damage on your foes.


Message History

The two-headed ogre is engulfed in blazing flames.
The two-headed ogre hits you with a +0 giant club.
* * * LOW HITPOINT WARNING * * *
You block the two-headed ogre's attack.
You puncture the two-headed ogre! You freeze the two-headed ogre.
You kill the two-headed ogre!
Vehumet accepts your kill.
Your Transmutations skill increases to level 6!
Casting: Stone Arrow (dangerous; 8% risk of failure)
Confirm with . or Enter, or press ? or * to list all spells.
Aiming: Stone Arrow (dangerous; 8% risk of failure)
Press: ? - help, Shift-Dir - straight line, f/p - wraith
Aim: a wraith (74% to hit)
You feel a surge of power!
The stone arrow hits the yak!!
The yak is severely wounded.
The yak is engulfed in blazing flames.
You kill the yak!
Vehumet accepts your kill.
You feel your power returning.
Casting: Stone Arrow (dangerous; 8% risk of failure)
Confirm with . or Enter, or press ? or * to list all spells.
Aiming: Stone Arrow (dangerous; 8% risk of failure)
Press: ? - help, Shift-Dir - straight line, f/p - wraith
Aim: a wraith (74% to hit)
You feel a surge of power!
The stone arrow misses the wraith.
The yak is engulfed in blazing flames.
You are too injured to fight recklessly!
Aiming: Magic Dart (safe; 1% risk of failure)
Press: ? - help, Q - select action, (/) - cycle Shift-Dir - straight line, f/p - wraith
Aim: a wraith (100% to hit)
You feel a surge of power!
The magic dart hits the yak.
The yak is moderately wounded.
The yak barely misses you.
You barely miss the yak.
The yak is moderately wounded.
The yak gores you but does no damage.
You hit the yak. You freeze the yak.
The yak is heavily wounded.
The yak gores you.
You die...

....................Y#
..................o†o#
.###⌠###############Y#
##§≈♣..# #)# ##§♣ ♣._#
#W# ≈≈.≈ .♣≈### #.#
.≈. ..§.# #.# ..
.#≈.♣#.#########.# #^
... ##......@YWY.# ##
._ #...#######..# .##
⌠# ##..# #..# ..##.#
#Y.# #..# Y.#..# #..#
#..# ..#.######..#####
#..#
....Y.Y.Y............#
.....................#
..................


You could see 2 yaks and a wraith.

Vanquished Creatures
  2 two-headed ogres
  A troll (D:9)
  7 yaks
  A wyvern (D:5)
  3 orc warriors
  2 sky beasts
  3 ogres
  A necrophage (D:4)
  2 centaurs (D:7)
  A phantom (D:5)
  A scorpion (D:4)
  3 water moccasin skeletons
  A wyvern skeleton (D:7)
  2 howler monkeys (D:9)
  A centaur zombie (D:6)
  3 hounds
  A human zombie (Ossuary)
  An orc priest (D:9)
  A bullfrog skeleton (D:5)
  A gnoll shaman (D:7)
  Jessica (D:2)
  A centaur skeleton (D:7)
  An iguana (D:5)
  5 orc wizards
  3 mummies (Ossuary)
  A hound skeleton (D:5)
  9 adders
  5 gnolls
  A shadow imp (D:6)
  A white imp (D:5)
  3 ufetubi
  2 adder zombies (Ossuary)
  An adder skeleton (D:4)
  A worm (D:2)
  A dart slug (D:1)
  13 orcs
  9 ball pythons
  13 endoplasms
  A giant cockroach (D:2)
  10 hobgoblins
  3 jackals (D:3)
  7 kobolds
  A quokka (D:4)
  6 bats
  A frilled lizard (D:2)
  13 goblins
  2 goblin zombies (Ossuary)
  2 hobgoblin zombies (Ossuary)
  4 kobold zombies (Ossuary)
  A quokka skeleton (D:4)
  3 quokka zombies (Ossuary)
  7 rats
  A rat zombie (Ossuary)
171 creatures vanquished.

Vanquished Creatures (collateral kills)
  2 hobgoblin zombies (Ossuary)
  A rat zombie (Ossuary)
3 creatures vanquished.

Vanquished Creatures (others)
  6 plants (D:7)
6 creatures vanquished.

Grand Total: 180 creatures vanquished

Notes
Turn   | Place    | Note
-------+----------+-------------------------------------------
     0 | D:1      | horus123 the Demonspawn Hedge Wizard began the quest for
                  | the Orb.
     0 | D:1      | Reached XP level 1. HP: 13/13 MP: 4/4
   128 | D:1      | Found Nulo's Magic Scroll Boutique.
   468 | D:1      | Gained mutation: Your demonic aura sometimes causes spilled
                  | blood to erupt in flames. [demonic ancestry]
   468 | D:1      | Reached XP level 2. HP: 15/19 MP: 1/6
  1184 | D:2      | Reached XP level 3. HP: 24/24 MP: 3/8
  1265 | D:2      | Learned a level 2 spell: Call Imp
  1379 | D:2      | Noticed Jessica
  1386 | D:2      | Killed Jessica
  1387 | D:2      | Gained mutation: You have an unusually large brain. (Int
                  | +2) [demonic ancestry]
  1387 | D:2      | Reached XP level 4. HP: 30/30 MP: 3/10
  2508 | D:3      | Found Benezir's Weapon Shop.
  2875 | D:3      | Reached XP level 5. HP: 35/35 MP: 8/11
  2976 | D:3      | Found a faded altar of an unknown god.
  3552 | D:4      | Learned a level 3 spell: Stone Arrow
  4118 | D:4      | Noticed an ogre
  4137 | D:4      | Killed an ogre
  4138 | D:4      | Reached skill level 5 in Conjurations
  4138 | D:4      | Reached XP level 6. HP: 41/41 MP: 0/12
  4603 | D:4      | Reached skill level 1 in Shields
  4603 | D:4      | Gained mutation: Your touch may inflict minor irresistible
                  | damage on your foes. [demonic ancestry]
  4603 | D:4      | Reached XP level 7. HP: 46/46 MP: 3/13
  4850 | D:5      | Entered Level 5 of the Dungeon
  5361 | D:5      | Noticed a yak
  5361 | D:5      | Noticed a yak
  5400 | D:5      | Killed a yak
  5609 | D:5      | Noticed a yak
  5610 | D:5      | Noticed a yak
  5611 | D:5      | Noticed a yak
  5674 | D:5      | Killed a yak
  5675 | D:5      | Reached skill level 5 in Spellcasting
  5675 | D:5      | Reached XP level 8. HP: 46/52 MP: 6/15
  6531 | D:5      | Found a staircase to the Ecumenical Temple.
  6543 | Temple   | Entered the Ecumenical Temple
  6576 | Temple   | Became a worshipper of Vehumet
  6744 | D:5      | Reached skill level 5 in Shields
  7030 | D:6      | Noticed a two-headed ogre
  7036 | D:6      | Killed a two-headed ogre
  7037 | D:6      | Gained mutation: Your demonic aura often causes spilled
                  | blood to erupt in flames. [demonic ancestry]
  7037 | D:6      | Reached XP level 9. HP: 57/57 MP: 7/19
  7231 | D:6      | Reached skill level 5 in Summonings
  7250 | D:6      | Reached skill level 1 in Fighting
  7587 | D:6      | Found a sand-covered staircase.
  7608 | Ossuary  | Entered an ossuary
  7852 | Ossuary  | Learned a level 7 spell: Storm Form
  7855 | Ossuary  | Learned a level 2 spell: Passwall
  8101 | Ossuary  | Reached * piety under Vehumet
  8101 | Ossuary  | Offered knowledge of Foxfire by Vehumet.
  8339 | D:6      | Reached skill level 1 in Transmutations
  9118 | D:7      | Found a transporter.
  9179 | D:7      | Found a transporter.
  9180 | D:7      | Found a flagged portal.
  9191 | D:7      | Noticed riojii's ghost (novice OpTm)
  9438 | D:7      | You fall into a shaft and drop 2 floors!
  9449 | D:9      | Found a shimmering altar of Xom.
  9452 | D:9      | Noticed a troll
  9492 | D:9      | Found a shimmering altar of Xom.
  9552 | D:9      | Killed a troll
  9553 | D:9      | Reached skill level 5 in Transmutations
  9556 | D:9      | Offered knowledge of Freeze by Vehumet.
  9564 | D:9      | Reached ** piety under Vehumet
  9565 | D:9      | Gained mutation: Your touch may inflict irresistible damage
                  | on your foes. [demonic ancestry]
  9565 | D:9      | Reached XP level 10. HP: 48/67 MP: 3/20
  9566 | D:9      | Noticed a two-headed ogre
  9582 | D:9      | HP: 3/67 [two-headed ogre (26)]
  9585 | D:9      | Killed a two-headed ogre
  9600 | D:9      | Slain by a yak

Illustrated notes

Levels and vault maps discovered:
D:1:      amcnicky_arrival_wind_blow, layout_basic, serial_shops, shop
D:2:      layout_loops_cross, st_stairs_8, uniq_jessica
D:3:      minmay_evil_eye, layout_basic, serial_shops, shop,
          shapermc_ecumenical_altar_pompeii
D:4:      layout_loops_ring, hangedman_minor_gate_pass
D:5:      layout_loops_ring, minmay_temple_entry_offerings
D:6:      layout_basic, enter_ossuary_1
D:7:      cheibrodos_statue_roulette, layout_basic, enter_bailey_5,
          gammafunk_ghost_gnarly_gnolls
D:9:      layout_long_grid, xom_redecorated
Temple:   compressed_dpeg_triangle_lava_temple

Skill      XL: |  1  2  3  4  5  6  7  8  9 10 |
---------------+-------------------------------+-----
Spellcasting   | 4 5 7 |  7.0
Conjurations   | 2 3 5 6 7 |  7.0
Shields        | 1 4 5 |  5.3
Summonings     | 4 5 |  5.2
Fighting       | 2 |  2.2
Dodging        | 2 |  2.1
Transmutations | 5 6 |  6.7
Stealth        | |  1.7
Translocations | |  0.8

Action                   |  1- 3 |  4- 6 |  7- 9 | 10-12 || total
-------------------------+-------+-------+-------+-------++-------
Melee: Dagger            |    47 |    61 |   158 |    13 ||   279
       Falchion          |     5 |       |       |       ||     5
       Touch             |       |       |     4 |       ||     4
 Cast: Magic Dart        |    31 |   117 |   121 |     1 ||   270
       Stone Arrow       |       |     6 |    61 |     5 ||    72
       Call Imp          |       |       |     3 |       ||     3
  Use: Scroll            |       |     5 |    12 |       ||    17
       Potion            |       |       |     5 |       ||     5
 Stab: Sleeping          |     1 |       |       |       ||     1
       Distracted        |       |       |     1 |       ||     1
Armor: Robe              |     9 |    14 |    28 |     2 ||    53
Dodge: Dodged            |    32 |    40 |    86 |     7 ||   165
Block: Buckler           |       |       |    61 |     2 ||    63

Table legend: (Time is in decaauts)
 A = Elapsed time spent in this place.
 B = Non-inter-level travel time spent in this place.
 C = Inter-level travel time spent in this place.
 D = Time resting spent in this place.
 E = Time spent auto-exploring this place.
 F = Levels seen in this place.
 G = Mean time per level.
                   A        B        C        D        E       F      G
               +--------+--------+--------+--------+--------+-----+--------+
         Total |   9607 |   9380 |    227 |   2386 |   5283 |  10 |  960.7 |
       Dungeon |   8871 |   8651 |    220 |   2024 |   5143 |   8 | 1108.9 |
        Temple |     40 |     33 |      7 |      0 |      0 |   1 |   40.0 |
       Ossuary |    695 |    695 |      0 |    362 |    140 |   1 |  695.0 |
               +--------+--------+--------+--------+--------+-----+--------+

Top non-repeatable levels by time:
     D:5: 2117 daAuts
     D:4: 1392 daAuts
     D:2: 1284 daAuts
     D:1: 1100 daAuts
     D:3: 1072 daAuts
     D:6: 1023 daAuts
     D:7: 718 daAuts
 Ossuary: 695 daAuts
     D:9: 162 daAuts
  Temple: 40 daAuts
